 Dungeon Crawl Stone Soup version 0.31.0-32-g396128a36d (webtiles) character file.

Game seed: 14345670962521617217

266 TacoSundae the Slasher (level 6, -2/47 HPs)
             Began as a Demonspawn Fighter on Apr 5, 2024.
             Slain by Grinder (6 damage)
             ... in a sewer.
             The game lasted 00:08:24 (3089 turns).

TacoSundae the Slasher (Demonspawn Fighter)         Turns: 3089, Time: 00:08:25

Health: -2/47      AC:  8    Str: 22    XL:     6   Next: 0%
Magic:  6/6        EV:  9    Int: 15    God:
Gold:   137        SH:  0    Dex: 15    Spells: 5/5 levels left

rFire   . . .        d - +4 great sword of the Magi {pain, Int+3 Dex+4}
rCold   + . .        (shield currently unavailable)
rNeg    . . .        b - +0 scale mail
rPois   .            (no helmet)
rElec   .            (no cloak)
rCorr   +            (no gloves)
SInv    .            g - +1 pair of boots
Will    .....        (no amulet) Stlth
                     e - ring of protection from cold
HPRegen 0.27/turn    h - ring of resist corrosion
MPRegen 0.10/turn

%: no passive effects
@: no status effects
A: claws 1, big brain 2, strong 1
a: no special abilities


You were in a sewer.
You visited 1 branch of the dungeon, and saw 4 of its levels.
You also visited: Sewer.

You collected 137 gold pieces.

Inventory:

Hand Weapons
 a - a +1 long sword
 d - the +4 great sword of the Magi (weapon) {pain, Int+3 Dex+4}
   (You acquired it on level 4 of the Dungeon)

   Int+3:     It affects your intelligence (+3).
   Dex+4:     It affects your dexterity (+4).
Missiles
 c - a curare-tipped dart
 o - 12 poisoned darts (quivered)
Armour
 b - a +0 scale mail (worn)
 g - a +1 pair of boots (worn)
Jewellery
 e - a ring of protection from cold (left claw)
 h - a ring of resist corrosion (right claw)
 j - a ring of fire
Scrolls
 l - 2 scrolls of identify
 q - a scroll of enchant weapon
Potions
 i - a potion of magic


   Skills:
 - Level 3.0 Fighting
 * Level 5.8 Long Blades
 - Level 2.6 Armour
 - Level 2.6 Shields


You had 5 spell levels left.
You didn't know any spells.
Your spell library contained the following spells:

 Spells                   Type           Power      Damage    Failure   Level
 Shock                    Conj/Air       0%         1d3       56%         1
 Call Canine Familiar     Summ           0%         N/A       91%         3
 Sigil of Binding         Hex            0%         N/A       91%         3
 Swiftness                Air            0%         N/A       91%         3
 Airstrike                Air            0%         2d(0-16)  100%        4
 Dimensional Bullseye     Hex/Tloc       0%         N/A       100%        4


Dungeon Overview and Level Annotations

Branches:
Dungeon (4/15)              Sewer (1/1)
 Temple: D:4-7

Altars:

Annotations:
Sewer Grinder


Innate Abilities, Weirdness & Mutations

You have sharp fingernails.
You have an extremely huge brain. (Int +4)
Your muscles are strong. (Str +4, Int/Dex -1)


Message History

Grinder hits you.
You writhe in agony.
The kobold hits you but does no damage. Grinder hits you but does no damage.
You can move again.
You hit the kobold.
You kill the kobold!
Grinder gestures at you. You resist with significant effort.
You have reached level 6!
You barely miss Grinder. Grinder hits you.
You writhe in agony.
You closely miss Grinder. Grinder gestures at you.
Pain shoots through your body! Grinder hits you.
You writhe in agony.
* * * LOW HITPOINT WARNING * * *
You hit Grinder but do no damage. Grinder hits you.
* * * LOW HITPOINT WARNING * * *
You feel better. Grinder hits you!
* * * LOW HITPOINT WARNING * * *
You writhe in agony.
* * * LOW HITPOINT WARNING * * *
You slash Grinder!
Grinder is heavily wounded.
Grinder barely misses you. Grinder closely misses you.
You slash Grinder!
Grinder is severely wounded.
Grinder gestures at you.
You suddenly lose the ability to move!
Grinder hits you.
* * * LOW HITPOINT WARNING * * *
You writhe in agony.
* * * LOW HITPOINT WARNING * * *
Grinder hits you but does no damage. x3
You can move again.
You closely miss Grinder.
Grinder is severely wounded.
Grinder hits you but does no damage.
You hit Grinder.
Grinder is severely wounded.
Grinder hits you.
You die...
Grinder says, "Hey, I wasn't done torturing you yet!"

##+++##
#####.....#########
≈~~#..⌠.⌠..#≈~≈≈≈≈##
...'.......'......?##
...'.⌠._.⌠.'.5....=!∩
...'.......'.@)...)#
≈#...⌠...#≈≈~≈~~##
###...##########
##########'#########
≈#≈≈~≈~≈#...#~~~≈≈~#
~~~~~~.~......~..~)#
~#......#...#).....#
~#+#######≈#######)#
~#......#≈≈≈#....).#


You could see Grinder.

Vanquished Creatures
  A kobold brigand (Sewer)
  5 gnolls
  3 adders
  A river rat (D:4)
  A shadow imp (Sewer)
  2 ufetubi (Sewer)
  3 ribbon worms
  A dart slug (D:3)
  An orc (D:2)
  11 bats
  3 endoplasms
  4 giant cockroaches
  8 goblins
  5 hobgoblins
  A quokka (D:3)
  9 ball pythons
  A frilled lizard (D:1)
  21 kobolds
  A kobold zombie (Sewer)
  10 rats
92 creatures vanquished.

Notes
Turn   | Place    | Note
-------+----------+-------------------------------------------
     0 | D:1      | TacoSundae the Demonspawn Fighter began the quest for the
                  | Orb.
     0 | D:1      | Reached XP level 1. HP: 18/18 MP: 1/1
    63 | D:1      | Reached skill level 2 in Long Blades
   181 | D:1      | Gained mutation: You have an unusually large brain. (Int
                  | +2) [demonic ancestry]
   181 | D:1      | Reached XP level 2. HP: 13/24 MP: 2/2
   304 | D:1      | Reached skill level 3 in Long Blades
   466 | D:1      | Gained mutation: You have an extremely huge brain. (Int +4)
                  | [demonic ancestry]
   466 | D:1      | Reached XP level 3. HP: 26/29 MP: 3/3
  1576 | D:2      | Reached XP level 4. HP: 35/35 MP: 4/4
  1642 | D:2      | Reached skill level 4 in Long Blades
  2649 | D:4      | Identified a scroll of acquirement
  2649 | D:4      | Acquired the +4 great sword of the Magi {pain, Int+3 Dex+4}
  2822 | D:4      | Gained mutation: You have sharp fingernails. [demonic
                  | ancestry]
  2822 | D:4      | Reached XP level 5. HP: 31/41 MP: 5/5
  2842 | D:4      | Reached skill level 5 in Long Blades
  2859 | D:4      | Found a glowing drain.
  2862 | D:4      | Gained mutation: Your muscles are strong. (Str +4, Int/Dex
                  | -1) [potion of mutation]
  2865 | Sewer    | Entered a sewer
  3039 | Sewer    | Found an ancient bone altar of Kikubaaqudgha.
  3068 | Sewer    | Noticed Grinder
  3072 | Sewer    | Paralysed by Grinder for 5 turns
  3078 | Sewer    | Reached XP level 6. HP: 41/47 MP: 6/6
  3083 | Sewer    | Paralysed by Grinder for 5 turns
  3084 | Sewer    | HP: 2/47 [Grinder (2)]
  3089 | Sewer    | Slain by Grinder

Illustrated notes

Levels and vault maps discovered:
D:1:      ncdulo_watergridlock, layout_basic, minivault_23,
          minmay_small_reverse_x
D:2:      layout_basic
D:3:      layout_loops_ring
D:4:      layout_basic, lightli_sewer_entry_pipes, minmay_misc_feat_x
Sewer:    kennysheep_sewer_church

Skill      XL: |  1  2  3  4  5 |
---------------+----------------+-----
Long Blades    | 2 3 4 5 |  5.8
Fighting       | |  3.0
Armour         | |  2.6
Shields        | |  2.6

Action                     |  1- 3 |  4- 6 || total
---------------------------+-------+-------++-------
  Melee: Long sword        |   150 |    70 ||   220
         Great sword       |       |    81 ||    81
    Use: Scroll            |       |     8 ||     8
         Potion            |       |     3 ||     3
 Armour: Scale mail        |   127 |   136 ||   263
  Dodge: Dodged            |    66 |    90 ||   156
  Block: Buckler           |    39 |    14 ||    53
